[Event "7th Sharjah Masters 2024"]
[Site "Sharjah"]
[Date "2024.05.20"]
[Round "7.23"]
[White "Sivuk, Vitaly"]
[Black "Petrosyan, Manuel"]
[Result "1/2-1/2"]
[ECO "C38"]
[WhiteElo "2544"]
[BlackElo "2618"]
[Annotator "TA"]
[PlyCount "82"]
[EventDate "2024.05.13"]
[EventType "swiss"]
[EventCountry "UAE"]
[SourceTitle "playchess.com"]
[Source "ChessBase"]
[SourceQuality "1"]
[TimeControl "5400+30"]

1. e4 e5 2. f4 exf4 3. Nf3 h6 4. Bc4 g5 5. d4 Bg7 6. O-O Ne7 {[%emt 0:04:56] C38: King's Gambit Accepted: 3 Nf3 g5 4 Bc4 Bg7.} 7. g3 d5 8. exd5 fxg3 9. Ne5 gxh2+ 10. Kh1 O-O 11. Nc3 $146 ({Predecessor:} 11. Nxf7 Qe8 12. Nxh6+ Kh7 13. Rxf8 Qxf8 14. Ng4 b5 15. Bxb5 Bxd4 16. Qxd4 Qf3+ 17. Kxh2 Qxg4 {1-0 Hanison,B-Green,S ENG corr England 2000}) 11... b5 12. Bb3 Bb7 13. Qh5 Ng6 $2 (13... Nd7 $11 {and Black stays safe.} 14. Ng4 (14. Nxf7 $2 Qe8 $19) 14... a5 (14... b4 15. Nxh6+ Bxh6 $18)) 14. Ng4 $18 (14. Nxb5 $2 Nxe5 (14... Bxd5+ $2 15. Nf3 $19) 15. dxe5 Bxd5+ 16. Kxh2 Bxb3 (16... Bxe5+ $2 17. Kg1 $19) 17. axb3 Nc6 $19 (17... Bxe5+ $2 18. Kg1 $19)) 14... b4 15. Ne2 $4 (15. Nxh6+ $18 Bxh6 16. Qxh6 bxc3 17. Bxg5 cxb2 (17... Bxd5+ $2 18. Kxh2 $18) 18. Bxd8 bxa1=R 19. Rxa1 Rxd8 20. c4 (20. Kxh2 Rd6 $11)) 15... Bxd5+ $19 16. Kxh2 Bxb3 17. axb3 {[%emt 0:00:16] [#]} Qd6+ $1 (17... Bxd4 $2 18. Nxh6+ (18. Qxh6 Qd6+ 19. Kh3 f5 $19) 18... Kg7 19. Nf5+ (19. Bxg5 Be5+ 20. Ng3 f6 $18) 19... Kg8 20. Nexd4 $18) 18. Ng3 {[%emt 0:02:01] [#]} Nh4 $2 ({Better is} 18... Ne7 $1 $19 {[%cal Ob8c6] Strongly threatening ...Nbc6!} 19. Ne5 f5 (19... Qxd4 $2 20. Nc4 $19)) 19. Bxg5 $1 $15 hxg5 20. Qxg5 Ng6 (20... f5 $1 $17 21. Qxh4 fxg4 22. Rxf8+ Kxf8 23. Qxg4 Nc6 (23... Bxd4 24. Qf3+ Kg7 25. Qxa8 $18)) 21. Nf6+ $11 Bxf6 22. Rxf6 Qxd4 23. Nf5 $1 Qf4+ $1 (23... Qxb2 24. Ne7+ Kg7 25. Rxg6+ fxg6 26. Qxg6+ Kh8 27. Qh6#) 24. Qxf4 Nxf4 25. Ne7+ Kg7 26. Rxf4 Rh8+ 27. Kg3 Nd7 28. Rxb4 Ne5 29. Rb7 c6 30. Ra5 Kf6 31. b4 (31. Ra6 $11) 31... Rhe8 ({Black should play} 31... Rh5 $17 {Hoping for ...Re8.} 32. Ra6 Re8 (32... Rg5+ 33. Kf4 $11) 33. Nd5+ Kf5 34. Ne7+ Ke4) 32. Rc5 $11 (32. Rbxa7 $2 {too greedy.} Rxa7 33. Nd5+ cxd5 $19) 32... Rxe7 33. Rxe7 Rg8+ 34. Kh3 Kxe7 35. Rxe5+ Kd6 36. Ra5 Re8 37. Rxa7 Re2 38. c4 $1 Rxb2 39. b5 cxb5 40. cxb5 Rxb5 41. Rxf7 Ke5 1/2-1/2

[Event "7th Sharjah Masters 2024"]
[Site "Sharjah"]
[Date "2024.05.20"]
[Round "7.24"]
[White "Theodorou, Nikolas"]
[Black "Madaminov, Mukhiddin"]
[Result "1/2-1/2"]
[ECO "D02"]
[WhiteElo "2617"]
[BlackElo "2506"]
[Annotator "TA"]
[PlyCount "99"]
[EventDate "2024.05.13"]
[EventType "swiss"]
[EventCountry "UAE"]
[SourceTitle "playchess.com"]
[Source "ChessBase"]
[SourceQuality "1"]
[TimeControl "5400+30"]

1. Nf3 Nf6 2. d4 d5 3. Bf4 c5 4. e3 Nc6 5. Nbd2 e6 6. c3 Be7 7. Ne5 Nd7 $1 {[%emt 0:01:29][%mdl 4] is now more promising than 7...0-0. D02: 1 d4 d5 2 Nf3 sidelines, including 2...Nf6 3 g3 and 2...Nf6 3 Bf4.} 8. h4 Ndxe5 9. dxe5 f6 $146 ({Predecessor:} 9... Rb8 10. Qg4 Bf8 11. h5 h6 12. Bd3 c4 13. Bc2 b5 14. a3 a5 15. O-O Bd7 {1-0 Tang,A (2538)-Nguyen,T (2569) Chess.com U20 Speed Qual 2020 (2.3)}) 10. exf6 Bxf6 11. Qh5+ g6 12. Qh6 Qe7 13. Bg5 Qg7 14. Qxg7 Bxg7 15. Bd3 Ne5 16. Bc2 b6 17. Nf3 Nxf3+ 18. gxf3 Bd7 19. O-O-O Kf7 20. h5 Bf6 21. f4 gxh5 22. Rxh5 (22. Bxf6 $5 Kxf6 23. c4 $16 (23. Rxh5 h6 $14)) 22... h6 $1 23. Bxf6 Kxf6 24. Rdh1 Kg7 25. Rg1+ Kf7 26. Rg6 Rag8 27. Rhxh6 Rxh6 28. Rxh6 Rg2 $1 29. Rh7+ Ke8 30. f3 a5 31. Rh6 Ke7 32. Bd1 Bb5 33. e4 Rg1 (33... dxe4 $14 34. fxe4 Bd3) 34. exd5 $16 exd5 {[%emt 0:00:01] [#]} 35. f5 $1 (35. Rxb6 $2 {is the wrong capture.} Be2 36. Kd2 (36. Rb7+ $2 Kd6 $19) 36... Bxd1 $19) 35... Bd3 36. Rxb6 Bxf5 37. Kd2 (37. Rc6 $16) 37... Rg2+ $1 $11 38. Ke3 Bb1 39. a3 d4+ $1 40. cxd4 cxd4+ 41. Kf4 Rd2 42. Ba4 d3 43. Ke3 Re2+ 44. Kd4 Rf2 $1 45. Rb7+ Kd6 46. Ke3 Re2+ 47. Kd4 Rf2 48. Ke3 Re2+ 49. Kd4 Rf2 50. Ke4 1/2-1/2

[Event "7th Sharjah Masters 2024"]
[Site "Sharjah"]
[Date "2024.05.20"]
[Round "7.25"]
[White "Safarli, Eltaj"]
[Black "Gholami Orimi, Mahdi"]
[Result "1/2-1/2"]
[ECO "C27"]
[WhiteElo "2597"]
[BlackElo "2470"]
[Annotator "TA"]
[PlyCount "36"]
[EventDate "2024.05.13"]
[EventType "swiss"]
[EventCountry "UAE"]
[SourceTitle "playchess.com"]
[Source "ChessBase"]
[SourceQuality "1"]
[TimeControl "5400+30"]

1. e4 e5 2. Bc4 Nf6 3. Nc3 Nxe4 4. Qh5 Nd6 5. Qxe5+ Qe7 6. Qxe7+ Bxe7 7. Be2 O-O 8. Nf3 Nf5 9. d4 Bb4 10. Bd2 Bxc3 {[%emt 0:05:35] The position is equal.} 11. Bxc3 Re8 12. Kd2 d5 13. Rae1 {[%emt 0:00:00][%cal Oe2c4] next Bc4! is good for White.} Nc6 14. Bd3 {[%emt 0:00:00][%cal Re1e8] [#]} Bd7 15. h4 f6 16. Rxe8+ Rxe8 17. Bxf5 Bxf5 18. Re1 Kf7 {[%emt 0:05:15] Not much happened in this game.   Weighted Error Value: White=0.04 (flawless) /Black=0.04 (flawless) .  OK:         	White=4     	Black=5} 1/2-1/2

[Event "7th Sharjah Masters 2024"]
[Site "Sharjah"]
[Date "2024.05.20"]
[Round "7.26"]
[White "Gurel, Ediz"]
[Black "Assaubayeva, Bibisara"]
[Result "1-0"]
[ECO "E94"]
[WhiteElo "2578"]
[BlackElo "2481"]
[Annotator "TA"]
[PlyCount "93"]
[EventDate "2024.05.13"]
[EventType "swiss"]
[EventCountry "UAE"]
[SourceTitle "playchess.com"]
[Source "ChessBase"]
[SourceQuality "1"]
[TimeControl "5400+30"]

1. c4 Nf6 2. Nc3 g6 3. e4 d6 4. d4 Bg7 5. Be2 O-O 6. Nf3 e5 7. O-O exd4 8. Nxd4 Nc6 9. Nc2 Re8 10. f3 Nh5 11. Nd5 f5 12. g4 Nf6 13. gxf5 {[%emt 0:01:38] White is slightly better.} gxf5 14. Bg5 Ne5 15. f4 {[%emt 0:29:18][%cal Bf3f4,Bf4e5,Be5e6][%mdl 32] White is more active.} Nf7 {[%emt 0:05:00] Threatens to win with ...Nxg5.} 16. Bxf6 (16. exf5 {looks sharper.} Bxf5 17. Bh5 Nxg5 18. fxg5 Nxd5 19. Rxf5 Ne3 20. Nxe3 Rxe3 21. Qg4) 16... Bxf6 17. Bh5 {[%emt 0:04:37] Hoping for Bxf7+.} Rf8 18. Kh1 $36 {[%emt 0:02:11][%mdl 2048] White has the initiative.} Nh6 19. e5 dxe5 20. fxe5 Bg7 {[%emt 0:09:16] Black is on the road to losing.} (20... Bxe5 $11 21. Qe2 Bd6) 21. Qe2 $18 Be6 22. Rad1 {[%emt 0:04:58][%cal Od5f6] aiming for Nf6+!} Bxd5+ (22... Kh8 $142 23. Nf4 Bd7) 23. Rxd5 ({Weaker is} 23. cxd5 Kh8 24. e6 Qe7 $18) 23... Qe7 {[%emt 0:01:03] [#] Black is weak on the light squares} 24. e6 $1 Rad8 {[%emt 0:00:54] [#] Inhibits Rd7.} 25. Rfd1 $1 {[%emt 0:00:42] And now Rxd8 would win.} Rd6 26. Rxd6 cxd6 {[%emt 0:00:02] [#]} 27. c5 Be5 28. cxd6 Qxe6 29. d7 Rd8 30. Nd4 Qe7 31. Qc4+ Kh8 32. Ne6 Rxd7 33. Qc8+ Ng8 34. Rxd7 Qh4 {[%emt 0:00:04][%csl Ge5][%cal Rh4h2] [#]} 35. Qxg8+ $3 Kxg8 36. Rd8+ Qxd8 37. Nxd8 Bxb2 38. Nxb7 Kg7 39. Kg2 Ba3 40. Na5 Kf6 41. Be2 h6 42. Kf3 Kg5 (42... Bd6 $142 43. h3 Kg5) 43. Nc4 {[%emt 0:00:10] White is clearly winning.} Bc5 44. Bd3 Bg1 45. h3 Bc5 46. Ne3 f4 47. Ng2 {[%emt 0:00:17] Weighted Error Value: White=0.07 (flawless) /Black=0.26 (precise) .  Loses game:     	---       	Black=1      Mistake:       	---       	Black=2      Inaccurate:     	White=1     	Black=3      OK:         	White=21    	Black=15     Best:        	White=2     	Black=2      Strong:       	White=2     	---} 1-0

[Event "7th Sharjah Masters 2024"]
[Site "Sharjah"]
[Date "2024.05.20"]
[Round "7.27"]
[White "Adhiban, B.."]
[Black "Sanal, Vahap"]
[Result "1/2-1/2"]
[ECO "C84"]
[WhiteElo "2523"]
[BlackElo "2566"]
[Annotator "TA"]
[PlyCount "25"]
[EventDate "2024.05.13"]
[EventType "swiss"]
[EventCountry "UAE"]
[SourceTitle "playchess.com"]
[Source "ChessBase"]
[SourceQuality "1"]
[TimeControl "5400+30"]

1. e4 e5 2. Nf3 Nc6 3. Bb5 a6 4. Ba4 Nf6 5. Nc3 Be7 6. O-O b5 7. Bb3 O-O 8. a4 Rb8 9. axb5 axb5 10. d3 d6 11. Nd5 Nxd5 12. exd5 Nd4 13. Nxd4 {[%emt 0:00:00] An uneventful encounter.   OK:         	---       	Black=1      Best:        	White=1     	Black=1} 1/2-1/2

[Event "7th Sharjah Masters 2024"]
[Site "Sharjah"]
[Date "2024.05.20"]
[Round "7.28"]
[White "Nesterov, Arseniy"]
[Black "Esipenko, Andrey"]
[Result "1/2-1/2"]
[ECO "E94"]
[WhiteElo "2590"]
[BlackElo "2704"]
[Annotator "TA"]
[PlyCount "34"]
[EventDate "2024.05.13"]
[EventType "swiss"]
[EventCountry "UAE"]
[SourceTitle "playchess.com"]
[Source "ChessBase"]
[SourceQuality "1"]
[TimeControl "5400+30"]

1. d4 Nf6 2. c4 g6 3. Nc3 Bg7 4. e4 d6 5. Be2 O-O 6. Nf3 e5 7. O-O exd4 8. Nxd4 Re8 9. f3 c6 10. Kh1 d5 (10... Qe7 $14) 11. cxd5 $16 cxd5 {[%emt 0:00:06] [#]} 12. Bg5 $1 Nc6 {[%emt 0:00:16] [#]} 13. exd5 {[%emt 0:32:21] White is more active.} (13. Bb5 $1 $16 h6 14. Bxf6 (14. Nxc6 bxc6 15. Bxc6 hxg5 $11) 14... Qxf6 15. exd5) 13... Nxd4 $11 {[%emt 0:05:14] The position is equal.} 14. Qxd4 Nxd5 15. Qxd5 Qxd5 16. Nxd5 Rxe2 17. Rae1 Rxe1 {[%emt 0:06:31] White did not feel at home in the position after the opening.   Weighted Error Value: White=0.28 (precise) /Black=0.09 (flawless) .  Mistake:       	White=1     	---        OK:         	White=1     	Black=3      Best:        	---       	Black=2      Strong:       	White=1     	---} 1/2-1/2

[Event "7th Sharjah Masters 2024"]
[Site "Sharjah"]
[Date "2024.05.20"]
[Round "7.29"]
[White "Sjugirov, Sanan"]
[Black "Moroni, Luca Jr"]
[Result "1/2-1/2"]
[ECO "C78"]
[WhiteElo "2692"]
[BlackElo "2581"]
[Annotator "TA"]
[PlyCount "81"]
[EventDate "2024.05.13"]
[EventType "swiss"]
[EventCountry "UAE"]
[SourceTitle "playchess.com"]
[Source "ChessBase"]
[SourceQuality "1"]
[TimeControl "5400+30"]

1. e4 e5 2. Nf3 Nc6 3. Bb5 a6 4. Ba4 Nf6 5. O-O b5 6. Bb3 Bc5 7. a4 Rb8 8. c3 d6 9. d4 Bb6 10. axb5 axb5 11. Na3 O-O 12. Nxb5 Bg4 13. Bc2 Bxf3 14. gxf3 exd4 15. Nxd4 Nxd4 {[%emt 0:00:55] White has an edge.} 16. cxd4 Nh5 17. Kh1 {[%emt 0:23:12] The position is equal.} Qf6 {[%emt 0:08:19] Repels f4} 18. Ra4 Ra8 $1 19. Be3 Rxa4 20. Bxa4 Ra8 21. Bd7 g6 22. Rg1 Ra2 23. Bg4 Nf4 24. Bf5 Nh5 25. Bg4 Nf4 26. Qd2 Ne6 27. e5 dxe5 28. dxe5 Qxe5 29. Bxe6 Qxe6 30. Qd8+ Kg7 31. Bd2 Qd6 32. Bc3+ f6 33. Rd1 Qxd8 34. Rxd8 $11 {[%emt 0:00:03][%mdl 4096] Endgame. KRB-KRB} g5 35. f4 gxf4 36. Kg2 Ra4 37. Kf3 Rc4 38. Re8 Kf7 39. Rh8 Kg7 40. Re8 Kf7 41. Rh8 {[%emt 0:00:06] A balanced but interesting game.   Weighted Error Value: White=0.02 (flawless) /Black=0.01 (flawless) .  OK:         	White=14    	Black=12     Best:        	White=1     	Black=3      Strong:       	---       	Black=1} 1/2-1/2

[Event "7th Sharjah Masters 2024"]
[Site "Sharjah"]
[Date "2024.05.20"]
[Round "7.30"]
[White "Mchedlishvili, Mikheil"]
[Black "Yilmaz, Mustafa"]
[Result "1/2-1/2"]
[ECO "E04"]
[WhiteElo "2569"]
[BlackElo "2641"]
[Annotator "TA"]
[PlyCount "28"]
[EventDate "2024.05.13"]
[EventType "swiss"]
[EventCountry "UAE"]
[SourceTitle "playchess.com"]
[Source "ChessBase"]
[SourceQuality "1"]
[TimeControl "5400+30"]

1. d4 Nf6 2. c4 e6 3. Nf3 d5 4. g3 dxc4 5. Bg2 c5 6. O-O Nc6 7. dxc5 Qxd1 8. Rxd1 Bxc5 9. Nbd2 c3 10. bxc3 O-O 11. Bb2 Bd7 12. Ne1 {[%emt 0:00:46] The position is equal.} Rfd8 13. Nd3 Be7 14. c4 b6 {[%emt 0:04:43] A rather calm draw.   Weighted Error Value: White=0.05 (flawless) /Black=0.01 (flawless) .  OK:         	White=2     	Black=2} 1/2-1/2

[Event "7th Sharjah Masters 2024"]
[Site "Sharjah"]
[Date "2024.05.20"]
[Round "7.31"]
[White "Banusz, Tamas"]
[Black "Dudin, Gleb"]
[Result "1-0"]
[ECO "D11"]
[WhiteElo "2623"]
[BlackElo "2554"]
[Annotator "TA"]
[PlyCount "91"]
[EventDate "2024.05.13"]
[EventType "swiss"]
[EventCountry "UAE"]
[SourceTitle "playchess.com"]
[Source "ChessBase"]
[SourceQuality "1"]
[TimeControl "5400+30"]

1. d4 Nf6 2. g3 d5 3. Nf3 Bf5 4. Bg2 h6 5. c4 c6 6. Nc3 e6 $1 7. Qb3 Qb6 8. c5 Qxb3 9. axb3 {[%emt 0:00:30][%cal Ba2b3,Bb3b4,Bb4b5,Bb5c6][%mdl 32] The position is equal.} Na6 10. Ra4 Nd7 11. h4 e5 12. b4 Bc2 {[%emt 0:00:30] [#] ...e4 is the strong threat.} 13. Rxa6 $1 bxa6 14. dxe5 {[%emt 0:00:30] Black must now prevent Nd4.} a5 15. b5 Bxc5 (15... Nxc5 $2 {is the wrong capture.} 16. Nd4 (16. bxc6 Ne6 $14) 16... Be4 17. f3 $16) 16. bxc6 Nb6 17. Be3 Bxe3 18. fxe3 Be4 19. Bh3 {[%emt 0:00:30] Black is weak on the dark squares} O-O 20. Kf2 Bxf3 (20... f6 $1 $11) 21. exf3 $16 Rac8 22. Bxc8 Rxc8 {[%emt 0:00:30][%mdl 4096] Endgame. KRN-KRN} 23. Ra1 {[%emt 0:00:30] White is more active.} Rxc6 24. Rxa5 Nc4 25. Rxd5 Nxb2 26. Ne2 Nc4 (26... a5 $16) 27. Rd8+ $18 Kh7 {[%emt 0:00:30] [#]} 28. f4 $1 a5 29. Ra8 Rb6 30. Nd4 Rb2+ 31. Kf3 h5 (31... Nd2+ {keeps fighting.} 32. Ke2 (32. Kg4 Nf1 $16) 32... Ne4+ 33. Kf3 Nd2+ 34. Kg4 Nf1) 32. Ra7 Kg8 33. e6 Nd2+ (33... fxe6 {is a better defense.} 34. Nxe6 g6) 34. Ke2 Nb3+ 35. Kd3 Nc5+ 36. Kc3 Na4+ 37. Kc4 Nb6+ 38. Kd3 fxe6 39. Rxa5 Kf7 (39... Rg2 $142 40. Nxe6 (40. Rxh5 Rxg3 41. Nxe6 Kf7 $18) 40... Rxg3 41. Rxh5 Rg6) 40. Rxh5 Rg2 41. Rg5 Nd5 (41... Nd7 {was necessary.} 42. h5 Nf6) 42. f5 exf5 43. Nxf5 Nb4+ 44. Kc4 Nc2 45. Rxg7+ Kf6 46. Rg5 {[%emt 0:00:30] Weighted Error Value: White=0.09 (flawless) /Black=0.27 (precise) .  Mistake:       	---       	Black=6      Inaccurate:     	White=2     	Black=3      OK:         	White=18    	Black=16     Best:        	White=7     	Black=3      Strong:       	White=1     	---        Brilliant:      	White=1     	---} 1-0

[Event "7th Sharjah Masters 2024"]
[Site "Sharjah"]
[Date "2024.05.20"]
[Round "7.32"]
[White "Yilmazyerli, Mert"]
[Black "Ivanchuk, Vasyl"]
[Result "1/2-1/2"]
[ECO "D37"]
[WhiteElo "2522"]
[BlackElo "2609"]
[Annotator "TA"]
[PlyCount "50"]
[EventDate "2024.05.13"]
[EventType "swiss"]
[EventCountry "UAE"]
[SourceTitle "playchess.com"]
[Source "ChessBase"]
[SourceQuality "1"]
[TimeControl "5400+30"]

1. d4 Nf6 2. c4 e6 3. Nf3 a6 4. Nc3 d5 5. cxd5 exd5 6. Bg5 Be6 7. e3 Nbd7 8. h3 {[%emt 0:02:02] White has an edge.} Bd6 9. Bd3 c6 10. Bf4 Qc7 11. Bxd6 Qxd6 12. O-O O-O 13. Qc2 g6 14. Rad1 Nh5 15. b4 Ng7 16. Qb1 Bf5 17. Bxf5 Nxf5 18. a4 Rfc8 19. e4 dxe4 20. Nxe4 Qd5 {[%emt 0:18:41] [#]} (20... Qe7 $11) 21. Ne5 $1 $16 {[%emt 0:00:00][%mdl 512] Hoping for Nxd7.} Kg7 (21... Kh8 22. Nxd7) 22. Nc3 Qd6 {[%emt 0:00:05] [#]} 23. Nxd7 Qxd7 24. d5 {[%emt 0:00:00][%cal Od5d6] Black must now prevent d6!} Re8 {[%emt 0:01:52] [#]} 25. Qb2 ({Only move:} 25. d6 $1 $16) 25... f6 $1 {[%emt 0:01:34] Weighted Error Value: White=0.08 (flawless) /Black=0.15 (very precise) .  Mistake:       	White=1     	Black=1      Inaccurate:     	---       	Black=1      OK:         	White=8     	Black=6      Best:        	White=2     	---        Strong:       	---       	Black=1      Brilliant:      	White=1     	---} 1/2-1/2

[Event "7th Sharjah Masters 2024"]
[Site "Sharjah"]
[Date "2024.05.20"]
[Round "7.33"]
[White "Aditya Mittal"]
[Black "Erdogmus, Yagiz Kaan"]
[Result "0-1"]
[ECO "B12"]
[WhiteElo "2608"]
[BlackElo "2554"]
[Annotator "TA"]
[PlyCount "64"]
[EventDate "2024.05.13"]
[EventType "swiss"]
[EventCountry "UAE"]
[SourceTitle "playchess.com"]
[Source "ChessBase"]
[SourceQuality "1"]
[TimeControl "5400+30"]

1. e4 c6 2. d4 d5 3. e5 c5 4. Nf3 cxd4 5. Qxd4 Nc6 6. Qf4 f6 7. Qg3 g5 8. Bb5 {[%emt 0:05:46] The position is equal.} Nh6 $1 {[%emt 0:01:02] Hoping for ...Nf5.} 9. Nd4 Qb6 10. c3 Nf5 11. Bxc6+ {[%emt 0:00:28] [#]} Qxc6 $1 12. Nxf5 Bxf5 13. O-O h5 14. exf6 exf6 15. h4 $2 {[%emt 0:00:16] White is weak on the light squares} (15. Qf3 $11 {and White is okay.} Be4 16. Qe2) 15... gxh4 {[%emt 0:09:04] Active counter play!} ({Black should try} 15... O-O-O $19 {...gxh4 is the strong threat.} 16. hxg5 h4) 16. Qxh4 $17 O-O-O {[%emt 0:00:11] ...Rg8 would now be deadly.} 17. Be3 $2 (17. Bf4 $17) 17... Rg8 $19 18. Bd4 Bd6 {[%emt 0:00:57] And now ...Rg4 would win.} 19. Nd2 Rg6 (19... Rg4 $142 20. Qxh5 Qd7) 20. f4 Rdg8 21. Rf2 Qd7 22. Bxf6 (22. Re1 $17 {might work better.}) 22... Rg4 23. Qxh5 Bxf4 ({Don't play} 23... Rxf4 24. Bd4 $19) 24. Bd4 {[%emt 0:06:47] Prevents Be3.} (24. Re1 Bg3 25. Ref1 Bxf2+ 26. Rxf2) 24... R4g5 25. Qe2 {[%emt 0:04:32] [#]} (25. Qh1 $142 Bh3 26. Nb3) 25... Bh3 $1 {[%emt 0:02:37][%cal Oh3g2] aiming for ...Bxg2! This pair of bishops is nice.} 26. Nf1 {[%emt 0:00:13] [#]} (26. Re1 Rxg2+) 26... Bxg2 $1 {[%emt 0:02:34] Black mates.} 27. Rxg2 Qh3 28. Rxg5 Rxg5+ 29. Kf2 Qh4+ 30. Ng3 Bxg3+ 31. Ke3 Bf4+ 32. Kd3 Qh7+ {[%emt 0:00:01] Weighted Error Value: White=0.82/Black=0.17 (very precise) .  Loses game:     	White=2     	---        Mistake:       	White=3     	Black=2      Inaccurate:     	White=2     	Black=1      OK:         	White=6     	Black=6      Best:        	White=1     	Black=3      Strong:       	---       	Black=1      Brilliant:      	---       	Black=1} 0-1

[Event "7th Sharjah Masters 2024"]
[Site "Sharjah"]
[Date "2024.05.20"]
[Round "7.34"]
[White "Idani, Pouya"]
[Black "Erdos, Viktor"]
[Result "1-0"]
[ECO "C43"]
[WhiteElo "2605"]
[BlackElo "2546"]
[Annotator "TA"]
[PlyCount "131"]
[EventDate "2024.05.13"]
[EventType "swiss"]
[EventCountry "UAE"]
[SourceTitle "playchess.com"]
[Source "ChessBase"]
[SourceQuality "1"]
[TimeControl "5400+30"]

1. e4 e5 2. Nf3 Nf6 3. d4 Nxe4 4. dxe5 d5 5. Nbd2 Qd7 6. Bd3 Nc5 7. Be2 Ne6 8. Nf1 b6 9. Ne3 Bb7 10. c3 Nf4 11. Bf1 Bc5 12. b4 Be7 13. Qc2 O-O 14. Nf5 Ng6 15. Bd3 Re8 16. O-O Bf8 17. N5d4 Nc6 18. e6 fxe6 19. Bxg6 hxg6 20. Nxc6 Qxc6 21. Ne5 Qd6 22. Bf4 Qe7 23. Qxg6 Qf6 24. Qg3 Bd6 25. Qe3 Rf8 26. Bg3 Qh6 27. Qxh6 gxh6 28. Rfe1 Rae8 29. Nf3 Rf6 30. Re3 a5 31. bxa5 bxa5 32. Rb1 Ba6 33. Bxd6 cxd6 34. Rb6 Bc4 35. Rxd6 Rb8 36. h3 (36. Rdxe6 $2 Rxe6 37. Rxe6 d4 $19) (36. h4 $142) 36... Rb1+ (36... Bxa2 $142 37. Ra6 (37. Rdxe6 Rxe6 38. Rxe6 Ra8 $11) 37... d4 38. cxd4 Bd5) 37. Kh2 $16 Bxa2 38. Ra6 (38. Rexe6 $6 Rxe6 39. Rxe6 a4 $16) (38. Ne5 $1 $18 {Threatens to win with Rg3+.} Rb7 39. Ng4) 38... Rb2 {[%emt 0:00:11] [#]} (38... d4 $16 39. cxd4 Bd5) 39. Ra8+ (39. Raxe6 Rxe6 40. Rxe6 Rxf2 $11) (39. Rxa5 $6 Bb1 $16) (39. Ne5 $1 $18 {is the precise move to win. Rg3+ is the strong threat.} Rb7 40. Rxa5) 39... Kg7 $2 {[%emt 0:00:41] [#]} (39... Rf8 $16 {was called for.} 40. Rxa5 Rxf2) 40. Ne5 $1 $18 (40. Rxa5 Bb1 $16) 40... Rfxf2 41. Rg3+ (41. Rxa5 Rxg2+ 42. Kh1 Bb1 43. Ra7+ Kf6 44. Rf7+ Kg5 45. Nf3+ (45. Rg7+ $2 Kf4 $19) 45... Kg6 $19) 41... Kf6 42. Ng4+ Ke7 43. Nxf2 ({Less strong is} 43. Rxa5 Rfe2 $16) ({Worse is} 43. Nxh6 d4 44. Ra7+ (44. Rxa5 dxc3 45. Ra7+ Kd6 $17) (44. cxd4 Rxg2+ 45. Rxg2 Rxg2+ 46. Kxg2 Bd5+ 47. Kf1 Bxa8 $11) 44... Kd6 45. Ra6+ (45. cxd4 Bd5 $11) (45. Ng4 Rfe2 $11) 45... Ke7 (45... Kc5 46. Rxa5+ Kb6 47. Rag5 $11) 46. Ra7+ (46. cxd4 Bd5 $11) 46... Kd6 $11) 43... Rxf2 44. Rxa5 Bb1 45. Ra7+ Kd6 46. Rf3 Re2 47. Ra6+ Kc5 48. Ra8 Be4 (48... h5 {keeps fighting.} 49. Rc8+ Kd6 50. Rd8+ Ke7) 49. Rg3 $18 Rf2 50. Rh8 Rf6 51. Kg1 Kd6 52. Rgg8 Kc5 $2 (52... Ke5 {was worth a try.} 53. Rf8 Rg6) 53. Rf8 $18 Rg6 54. Rhg8 Rxg8 55. Rxg8 Kc4 56. Re8 Kxc3 57. Rxe6 h5 58. Kf2 (58. g4 $142 hxg4 59. hxg4 Kd4 60. Kf2 Bh7 61. Ke1 Bg8 62. Rb6 Kc5 63. Rf6) 58... Bc2 59. Rc6+ Kd2 60. Rd6 Bb3 61. g4 hxg4 62. hxg4 Kd3 63. g5 Ke4 64. g6 Kf5 65. g7 d4 66. Rd8 1-0